 Dungeon Crawl Stone Soup version 0.23.1 (webtiles) character file.

Game seed: 12425742438907335114

3075 Borgoz the Ruffian (level 9, -2/74 HPs)
             Began as a Ghoul Enchanter on Mar 2, 2019.
             Was an Initiate of Ashenzari.
             Slain by an ogre
             ... wielding a cursed -1 giant club
              (18 damage)
             ... on level 7 of the Dungeon.
             The game lasted 00:18:46 (8139 turns).

Borgoz the Ruffian (Ghoul Enchanter)                Turns: 8139, Time: 00:18:46

Health: -2/74      AC: 10    Str: 12    XL:     9   Next: 88%
Magic:  13/13      EV: 13    Int: 11    God:    Ashenzari [......]
Gold:   330        SH:  0    Dex: 11    Spells: 8/14 levels left

rFire    . . .     SeeInvis .     - Unarmed
rCold    + + .     Gourm    .   (no shield)
rNeg     + + +     Faith    .   C - +2 leather armour {rC+}
rPois    ∞         Spirit   .   k - +1 helmet (curse)
rElec    .         Reflect  .   r - +1 cloak (curse)
rCorr    .         Harm     .   (no gloves)
MR       .....                  (no boots)
Stlth    ++........             (no amulet)
HPRegen  0.00/turn              (no ring)
MPRegen  0.13/turn              (no ring)

@: rotting
A: rotting body, claws 1, carnivore, cold resistance 1, negative energy
resistance 3, inhibited regeneration, torment resistance, unbreathing
a: Curse Item, Renounce Religion


You were on level 7 of the Dungeon.
You worshipped Ashenzari.
Ashenzari was noncommittal.
You were not hungry.

You visited 2 branches of the dungeon, and saw 8 of its levels.
You also visited: Sewer and Ossuary.

You collected 330 gold pieces.

Inventory:

Missiles
 e - 16 poisoned needles
 t - 2 tomahawks (quivered)
Armour
 c - a +0 ring mail
 k - a cursed +1 helmet (worn)
 r - a cursed +1 cloak (worn)
 C - a +2 leather armour of cold resistance (worn)
Jewellery
 a - an uncursed amulet of harm
 z - an uncursed ring of protection from cold
Wands
 i - a wand of flame (21)
 B - a wand of iceblast (6)
 D - a wand of random effects (6)
Scrolls
 b - 2 scrolls of teleportation
 f - 4 scrolls of magic mapping
 g - 8 scrolls of remove curse
 l - 3 scrolls of enchant armour
 o - 2 scrolls of fog
 v - a scroll of fear
 w - 4 scrolls of identify
 y - 6 scrolls of amnesia {unknown}
Potions
 h - 2 potions of cancellation
 j - a potion of flight
 m - 2 potions of might
 p - a potion of magic
 q - 4 potions of curing
 s - 3 potions of haste
 u - a potion of mutation {unknown}
 x - a potion of resistance {unknown}
 A - a potion of brilliance
Comestibles
 d - 9 rations


   Skills:
 + Level 5.4 Fighting
   Level 0.8 Short Blades
 + Level 1.5 Throwing
 + Level 4.7 Armour
 + Level 5.0 Dodging
 - Level 5.0 Stealth
 + Level 6.8 Unarmed Combat
 + Level 3.3 Spellcasting
 + Level 5.1 Hexes


You had 8 spell levels left.
You knew the following spells:

 Your Spells              Type           Power        Failure   Level  Hunger
a - Corona                Hex            ##.....      4%          1    #......
b - Ensorcelled Hibernat  Hex/Ice        #.....       17%         2    ###....
c - Confuse               Hex            ##......     12%         3    ###....

Your spell library contained the following spells:

 Spells                   Type           Power        Failure   Level  Hunger
 Confusing Touch          Hex            ##....       4%          1    #......
 Tukima's Dance           Hex            ##......     12%         3    ###....
 Dazzling Spray           Conj/Hex       #.....       34%         3    ###....
 Sticks to Snakes         Tmut           #.......     43%         2    ###....
 Gell's Gravitas          Tloc           #.........   67%         3    ###....
 Petrify                  Tmut/Erth      #.......     97%         4    #####..
 Metabolic Englaciation   Hex/Ice        #.........   97%         5    ######.
 Yara's Violent Unravell  Hex/Tmut       #.........   97%         5    ######.
 Beastly Appendage        Tmut           Unusable     N/A         1    N/A
 Spider Form              Tmut/Pois      Unusable     N/A         3    N/A
 Ice Form                 Ice/Tmut       Unusable     N/A         4    N/A
 Blade Hands              Tmut           Unusable     N/A         5    N/A

Dungeon Overview and Level Annotations

Branches:
Dungeon (7/15)             Temple (1/1) D:5

Altars:
Ashenzari
Cheibriados
Dithmenos
Elyvilon
Fedhas
Gozag
Hepliaklqana
Kikubaaqudgha
Makhleb
Nemelex Xobeh
Okawaru
Qazlal
Ru
Sif Muna
Trog
Vehumet
Wu Jian
Xom
Yredelemnul
Zin
The Shining One


Innate Abilities, Weirdness & Mutations

Your body is rotting away.
You thrive on raw meat.
You are immune to poison.
You have sharp fingernails.
You are carnivorous and can eat meat at any time.
Your flesh is cold resistant. (rC+)
You are immune to negative energy. (rN+++)
You do not regenerate when monsters are visible.
You are immune to unholy pain and torment.
You can survive without breathing.


Message History

You closely miss the howler monkey.
The howler monkey is severely wounded.
The howler monkey hoots and howls with incredible vigour!
An ogre comes into view. It is wielding a -1 giant club.
The ogre shouts!
You hear an angry growl.
A skeleton and a howler monkey come into view.
The howler monkey hits you.
* * * LOW HITPOINT WARNING * * *
2 ice beasts come into view.
A howler monkey comes into view.
An adder comes into view.
The howler monkey skeleton hits you.
* * * LOW HITPOINT WARNING * * *
The ice beast moves out of view.
A howler monkey comes into view.
The howler monkey howls!
The howler monkey hoots and howls with incredible vigour! x2
There is an escape hatch in the ceiling here.
The howler monkey skeleton closely misses you.
The ogre hits you with a cursed -1 giant club!!
You die...

!............#.. ...
...#..#......# ....
####......## ....
###........S# .....
#.)......S.######S...
.###.........†..#...#
.......<....###Z..#
....#..##..####hZ.#
................@O#
.......####...(.h.......
.....#. #..............
.....## ...............
..## .........#.#Y.. .$
#####h..####... h...# ..
.###.#


You could see an ice beast, an ogre, 4 howler monkeys, an adder, a wyvern
skeleton and a howler monkey skeleton.

Vanquished Creatures
  Grinder (D:5)
  Prince Ribbit (D:6)
  Sigmund (D:5)
  Eustachio (D:6)
  Menkaure (D:5)
  A water moccasin (D:6)
  An ice beast (D:5)
  A phantom (D:4)
  A sky beast (D:6)
  An orc warrior (D:6)
  Blork the orc (D:6)
  8 bullfrogs
  4 elf zombies (Ossuary)
  A howler monkey (D:7)
  2 crimson imps
  3 centaur zombies (Ossuary)
  5 human zombies (Ossuary)
  A jelly (D:7)
  2 hounds
  A bullfrog skeleton (D:4)
  A bullfrog zombie (D:5)
  An orc wizard (D:5)
  An iguana (D:6)
  2 worker ants
  3 mummies (Ossuary)
  14 adders
  3 river rats
  A shadow imp (D:5)
  An adder zombie (D:5)
  An adder skeleton (D:4)
  2 worms
  7 leopard geckos
  10 orcs
  11 ball pythons
  4 giant cockroaches
  9 hobgoblins
  14 jackals
  3 quokkas
  A ball python zombie (D:6)
  5 bats
  6 frilled lizards
  7 goblins
  8 kobolds
  A leopard gecko skeleton (D:4)
  A leopard gecko zombie (D:5)
  A quokka zombie (D:6)
  34 rats
  A plant (D:5)
191 creatures vanquished.

Notes
Turn   | Place    | Note
-------+----------+-------------------------------------------
     0 | D:1      | Borgoz the Ghoul Enchanter began the quest for the Orb.
     0 | D:1      | Reached XP level 1. HP: 14/14 MP: 2/2
   460 | D:1      | Reached XP level 2. HP: 16/21 MP: 3/3
   703 | D:1      | Reached skill level 1 in Unarmed Combat
   929 | D:1      | Reached XP level 3. HP: 26/27 MP: 4/4
  1333 | D:2      | Found a stormy altar of Qazlal.
  2232 | D:2      | Found a white marble altar of Elyvilon.
  2232 | D:2      | Found an iron altar of Okawaru.
  2406 | D:3      | Reached skill level 1 in Armour
  2452 | D:3      | Reached skill level 1 in Fighting
  2452 | D:3      | Reached XP level 4. HP: 33/35 MP: 6/6
  2509 | D:3      | Reached skill level 2 in Unarmed Combat
  2594 | D:3      | Reached XP level 5. HP: 27/40 MP: 7/7
  2852 | D:3      | Found a glowing golden altar of the Shining One.
  3113 | D:4      | Found a glowing drain.
  3126 | Sewer    | Entered a sewer
  3337 | Sewer    | Learned a level 2 spell: Ensorcelled Hibernation
  3341 | Sewer    | Learned a level 3 spell: Confuse
  3608 | Sewer    | Reached XP level 6. HP: 31/48 MP: 8/8
  3659 | Sewer    | Reached skill level 3 in Unarmed Combat
  4215 | D:4      | Reached XP level 7. HP: 45/55 MP: 9/9
  4590 | D:5      | Entered Level 5 of the Dungeon
  4631 | D:5      | Noticed Sigmund
  4640 | D:5      | Killed Sigmund
  4640 | D:5      | Reached skill level 4 in Unarmed Combat
  4741 | D:5      | Noticed Grinder
  4755 | D:5      | Killed Grinder
  4755 | D:5      | Reached XP level 8. HP: 54/63 MP: 11/11
  4826 | D:5      | Found a staircase to the Ecumenical Temple.
  4887 | Temple   | Entered the Ecumenical Temple
  4971 | Temple   | Became a worshipper of Ashenzari the Shackled
  5077 | D:5      | Reached skill level 5 in Stealth
  5077 | D:5      | Reached skill level 5 in Unarmed Combat
  5421 | D:5      | Noticed Menkaure
  5441 | D:5      | Killed Menkaure
  5672 | D:6      | Noticed Blork the orc
  5683 | D:6      | Killed Blork the orc
  5756 | D:6      | Noticed Prince Ribbit
  5800 | D:6      | Killed Prince Ribbit
  5865 | D:6      | Found a sand-covered staircase.
  5872 | Ossuary  | Entered an ossuary
  6029 | Ossuary  | Reached XP level 9. HP: 55/69 MP: 12/12
  6094 | Ossuary  | Reached skill level 6 in Unarmed Combat
  6339 | Ossuary  | HP: 3/69 [elf zombie (6)]
  6882 | D:6      | Noticed Eustachio
  7046 | D:6      | Reached skill level 5 in Fighting
  7502 | D:6      | Reached skill level 1 in Throwing
  7687 | D:6      | Reached skill level 5 in Hexes
  7696 | D:6      | Killed Eustachio
  7696 | D:6      | Reached skill level 5 in Dodging
  7843 | D:6      | Found an ancient bone altar of Kikubaaqudgha.
  7848 | D:6      | Found a radiant altar of Vehumet.
  7852 | D:6      | Found an opulent altar of Gozag.
  8139 | D:7      | Slain by an ogre

Skill      XL: |  1  2  3  4  5  6  7  8  9 |
---------------+----------------------------+-----
Unarmed Combat | 1 2 3 4 5 6 |  6.8
Spellcasting   | 2 3 |  3.3
Dodging        | 2 3 4 5 |  5.0
Armour         | 1 2 3 4 |  4.7
Fighting       | 1 2 3 4 5 |  5.4
Stealth        | 4 5 |  5.0
Hexes          | 3 4 5 |  5.1
Throwing       | 1 |  1.5
Short Blades   | |  0.8

Action                   |  1- 3 |  4- 6 |  7- 9 || total
-------------------------+-------+-------+-------++-------
Melee: Dagger            |   155 |       |       ||   155
       Punch             |     1 |     1 |     9 ||    11
       Unarmed           |    60 |   398 |   659 ||  1117
 Cast: Corona            |     1 |       |       ||     1
Invok: Curse Item        |       |       |     2 ||     2
Evoke: Wand              |       |       |     4 ||     4
  Use: Potion            |     6 |     1 |     8 ||    15
       Scroll            |       |    14 |     7 ||    21
 Stab: Sleeping          |    10 |     2 |     3 ||    15
       Distracted        |       |     1 |       ||     1
       Invisible         |       |     1 |     3 ||     4
  Eat: Chunk             |    15 |    21 |    21 ||    57
Armor: Ring mail         |    76 |   265 |   236 ||   577
       Leather armour    |       |       |    15 ||    15
Dodge: Dodged            |   127 |   379 |   334 ||   840
